 Dungeon Crawl Stone Soup version 0.29.1-15-g9cfb28693d (console) character file.

Game seed: 4276390426387368634

8 sentinel the Digger (level 2, 20/20 HPs)
             Began as a Meteoran Earth Elementalist on Aug 20, 2023.
             Quit the game on level 1 of the Dungeon.
             The game lasted 00:00:06 (98 turns).

sentinel the Digger (Meteoran Earth Elementalist)     Turns: 98, Time: 00:00:06

Health: 20/20      AC:  2    Str:  9    XL:     2   Next: 29%
Magic:  4/6        EV: 12    Int: 16    God:
Gold:   0          SH:  0    Dex: 14    Spells: 5/6 levels left

rFire   . . .      SeeInvis .   (no weapon)
rCold   . . .      Faith    .   (no shield)
rNeg    . . .      Spirit   .   a - +0 robe
rPois   .          Reflect  .   (no helmet)
rElec   .          Harm     .   (no cloak)
rCorr   .          Rampage  .   (no gloves)
Will    .....                   (no boots)
Stlth   +.........              (no amulet)
HPRegen 0.06/turn               (no ring)
MPRegen 0.10/turn               (no ring)

@: glowing
A: sense surroundings 1, otherworldly, glowing, explore regen
a: no special abilities


You were on level 1 of the Dungeon.
You visited 1 branch of the dungeon, and saw 1 of its levels.

Inventory:

Armour
 a - a +0 robe (worn)
Jewellery
 i - a ring of see invisible
Scrolls
 c - a scroll of fog {unknown}
Potions
 b - a potion of magic


   Skills:
 - Level 2.4 Dodging
 - Level 1.4 Stealth
 - Level 2.6 Spellcasting
 - Level 1.2 Transmutations
 + Level 4.3 Earth Magic


You had 5 spell levels left.
You knew the following spells:

 Your Spells              Type           Power      Damage    Failure   Level
a - Sandblast             Erth           32%        2d9       3%          1

Your spell library contained the following spells:

 Spells                   Type           Power      Damage    Failure   Level
 Passwall                 Tmut/Erth      9%         N/A       10%         2
 Stone Arrow              Conj/Erth      18%        3d8       24%         3
 Petrify                  Tmut/Erth      11%        N/A       52%         4


Dungeon Overview and Level Annotations

Branches:
Dungeon (1/15) Zot: 498

Altars:


Innate Abilities, Weirdness & Mutations

You passively map a small area around you.
You are easily found by Zot.
You glow in the dark.
You regain HP and MP as you explore.


Message History

2 jackals come into view.
The jackal barks!
Unknown command.
But you're not safe!
Unknown command.
But you're not safe!
Unknown command.
A jackal comes into view.
A ball python comes into view.
The blast of sand hits the jackal!
You kill the jackal!
The jackal barks!
The blast of sand hits the jackal!
You kill the jackal!
Unknown command.
The blast of sand hits the jackal!
You kill the jackal!
Your Earth Magic skill increases to level 4!
Unknown command.
The blast of sand hits the ball python!
You kill the ball python!
You have reached level 2!
Unknown command.
You can't see any susceptible monsters within range! (Use Z to cast anyway.) Unknown command.
No target in view!
No target in view!
You can't see any susceptible monsters within range! (Use Z to cast anyway.) Unknown command.
You can't see any susceptible monsters within range! (Use Z to cast anyway.) Unknown command.
You can't see any susceptible monsters within range! (Use Z to cast anyway.) Unknown command.
No target in view!
No target in view!
You can't see any susceptible monsters within range! (Use Z to cast anyway.) Unknown command.
You can't see any susceptible monsters within range! (Use Z to cast anyway.) Unknown command.
You can't see any susceptible monsters within range! (Use Z to cast anyway.) Unknown command.
You can't see any susceptible monsters within range! (Use Z to cast anyway.) Unknown command.
You open the door.
There is an open door here.
You open the door.
There is an open door here.
There is an open door here.
You open the door.
There is an open door here.
There is an open door here.
You open the door.
There is an open door here.
Magic restored.
i - a ring of see invisible Unknown command.
A bat comes into view.
Found 6 stones.
The bat moves out of view.
Unknown command.
The bat barely misses you.
Unknown command.
But you're not safe!
Unknown command.
But you're not safe!
Unknown command.
The blast of sand hits the bat!
You kill the bat!
No target in view!
You can't see any susceptible monsters within range! (Use Z to cast anyway.) Unknown command.
You can't see any susceptible monsters within range! (Use Z to cast anyway.) Unknown command.
You can't see any susceptible monsters within range! (Use Z to cast anyway.) Unknown command.
You can't see any susceptible monsters within range! (Use Z to cast anyway.) Unknown command.
No target in view!
No target in view!
You can't see any susceptible monsters within range! (Use Z to cast anyway.) Unknown command.
You can't see any susceptible monsters within range! (Use Z to cast anyway.) Unknown command.
You can't see any susceptible monsters within range! (Use Z to cast anyway.) Unknown command.
You can't see any susceptible monsters within range! (Use Z to cast anyway.) Unknown command.
No target in view!
No target in view!
You can't see any susceptible monsters within range! (Use Z to cast anyway.) Unknown command.
You can't see any susceptible monsters within range! (Use Z to cast anyway.) Unknown command.
You can't see any susceptible monsters within range! (Use Z to cast anyway.) Unknown command.
You can't see any susceptible monsters within range! (Use Z to cast anyway.) Unknown command.
Found a stone staircase leading down.
Unknown command.
You see here a bat corpse.
A bat comes into view.
Unknown command.
But you're not safe!
Unknown command.
But you're not safe!
Unknown command.
But you're not safe!
Unknown command.
Found a scroll labelled ATSISE CIATUE.
The blast of sand misses the bat.
The bat barely misses you. The bat hits you.
Unknown command.
The blast of sand hits the bat!
You kill the bat!
Unknown command.
You can't see any susceptible monsters within range! (Use Z to cast anyway.) Unknown command.
You can't see any susceptible monsters within range! (Use Z to cast anyway.) Unknown command.
No target in view!
No target in view!
You can't see any susceptible monsters within range! (Use Z to cast anyway.) Unknown command.
You can't see any susceptible monsters within range! (Use Z to cast anyway.) Unknown command.
You can't see any susceptible monsters within range! (Use Z to cast anyway.) Unknown command.
You can't see any susceptible monsters within range! (Use Z to cast anyway.) Unknown command.
No target in view!
No target in view!
You can't see any susceptible monsters within range! (Use Z to cast anyway.) Unknown command.
You can't see any susceptible monsters within range! (Use Z to cast anyway.) Unknown command.
You can't see any susceptible monsters within range! (Use Z to cast anyway.) Unknown command.
You can't see any susceptible monsters within range! (Use Z to cast anyway.) Unknown command.
A goblin comes into view. It is wielding a +0 club.
Unknown command.
But you're not safe!
Unknown command.
But you're not safe!
Unknown command.
But you're not safe!
Unknown command.
But you're not safe!
Unknown command.
Unknown command.
Unknown command.
Unknown command.
Are you sure you want to abandon this character and quit the game? (Confirm with "yes".)

, ,
##.g........... ,
∩
#?.8.....8......,
#...............
,
#..............#
, #....>.........
#..............
,, #..........#,,
,
#..8...@(8.###.#
#..............#
,
##.........#####
##.........## * ,
#.......†..## *
#........#..### *
##########....# ,
, #....## ,
#.....##.#,,


You could see a goblin (asleep).

Vanquished Creatures
  A ball python (D:1)
  2 bats (D:1)
  3 jackals (D:1)
6 creatures vanquished.

Notes
Turn   | Place    | Note
-------+----------+-------------------------------------------
     0 | D:1      | sentinel the Meteoran Earth Elementalist began the quest
                  | for the Orb.
     0 | D:1      | Reached XP level 1. HP: 14/14 MP: 5/5
    55 | D:1      | Reached skill level 4 in Earth Magic
    56 | D:1      | Reached XP level 2. HP: 20/20 MP: 1/6
    98 | D:1      | Quit the game

Illustrated notes

Levels and vault maps discovered:
D:1:      erik_arrival_triangle_huge, layout_basic,
          shapermc_ecumenical_altar_venn, st_stairs_1

Skill      XL: |  1 |
---------------+----+-----
Earth Magic    | 4 |  4.3
Dodging        | |  2.4
Stealth        | |  1.4
Spellcasting   | |  2.6
Transmutations | |  1.2

Action                   || total
-------------------------++-------
 Cast: Sandblast         ||     7
Dodge: Dodged            ||     2
